 Dungeon Crawl Stone Soup version 0.16-a0-1212-geefc3ab (webtiles) character file.

126 Psiweapon the Cutter (level 5, 0/32 HPs)
             Began as a Kobold Abyssal Knight on Oct 12, 2014.
             Was a Believer of Lugonu.
             Slain by an orc wizard
             ... wielding a +0 dagger
              (4 damage)
             ... on level 5 of the Dungeon.
             The game lasted 00:09:06 (3382 turns).

Psiweapon the Cutter (Kobold Abyssal Knight)        Turns: 3382, Time: 00:09:06

Health: 0/32       AC:  3    Str: 10    XL:     5   Next: 31%
Magic:  8/9        EV: 13    Int: 10    God:    Lugonu [**....]
Gold:   74         SH:  0    Dex: 17    Spells: 0 memorised, 4 levels left

rFire  . . .     SeeInvis .     c - +0 cutlass
rCold  . . .     Clarity  .     b - +0 leather armour
rNeg   . . .     SustAb   .     (no shield)
rPois  .         Gourm    .     (no helmet)
rElec  .         Spirit   .     (no cloak)
rCorr  +         Warding  .     (no gloves)
rMut   .         Stasis   .     (no boots)
MR     .....                    o - amulet of resist corrosion
Stlth  +.........               (no ring)
                                (no ring)

@: not resistant to hostile enchantments, very unstealthy
A: carnivore 3
a: Depart the Abyss, Bend Space, Renounce Religion


You were on level 5 of the Dungeon.
You worshipped Lugonu.
Lugonu was pleased with you.
You were not hungry.

You visited 1 branch of the dungeon, and saw 5 of its levels.
You visited the Abyss 1 time.

You collected 164 gold pieces.
You spent 90 gold pieces at shops.

Inventory:

Hand weapons
 a - a +1 short sword
 c - a +0 cutlass (weapon)
 w - a +0 hunting sling
Missiles
 d - 15 sling bullets
 e - 34 stones
 t - 5 tomahawks (quivered)
 v - 27 bolts
 x - 9 poisoned sling bullets
Armour
 b - a +0 leather armour (worn)
Magical devices
 u - a wand of flame (11)
Scrolls
 g - 3 scrolls of remove curse {unknown}
 h - 4 scrolls of identify {unknown}
 i - 2 scrolls of enchant weapon {unknown}
 m - 3 scrolls of noise {unknown}
 n - 2 scrolls of fog {unknown}
 p - a scroll of teleportation {unknown}
 q - a scroll of recharging {unknown}
 r - 4 scrolls of random uselessness {unknown}
 s - a scroll of enchant armour {unknown}
 y - a scroll of magic mapping {unknown}
Jewellery
 o - an amulet of resist corrosion (around neck)
Potions
 f - 3 potions of restore abilities
 j - a potion of curing {unknown}
 k - 2 potions of heal wounds {unknown}
 l - a potion of haste {unknown}
 z - a potion of brilliance {unknown}


   Skills:
 - Level 3.2 Fighting
 + Level 4.6 Short Blades
 + Level 1.2(1.4) Slings
 - Level 1.1(1.5) Throwing
 - Level 0.7 Armour
 - Level 2.4 Dodging
 + Level 4.0 Invocations


You had 4 spell levels left.
You didn't know any spells.

Dungeon Overview and Level Annotations

Branches:
Dungeon (5/15)
 Temple: D:4-7

Altars:
Qazlal
Zin

Shops:
D:5 *?

Annotations:
D:4 Foahim's ghost, experienced DsGl


Innate Abilities, Weirdness & Mutations

You are small and have problems with some larger weapons.
You are carnivorous and can eat meat at any time.


Message History

The orc priest is lightly wounded.
Wield which item (- for none, * to show all)? (? for menu, Esc to quit)
c - a +0 cutlass (weapon)
The orc priest hits you.
The orc priest prays to Beogh.
You feel troubled.
You closely miss the orc priest.
The orc priest is lightly wounded.
The orc priest calls down the wrath of Beogh upon you.
Something smites you!
* * * LOW HITPOINT WARNING * * *
The orc priest closely misses you.
You hit the orc priest but do no damage.
The orc priest is lightly wounded.
Something barely misses you. The orc priest closely misses you.
The orc priest barely misses you.
You hit the orc priest.
The orc priest is moderately wounded.
Something hits you.
You die...

... #.....
#....# #....#
.. #....#
...#...(##
...'...O.+
#..oo(#.
##...@(#...#
#.....(#...#
+.....##...#
#.....##..∩#
#∩...w(....#
#..........#
..#.........#
.+...<(....#
#...[.....#


You could see a worm, an ogre and 2 orc priests.

Vanquished Creatures
  A scorpion (D:4)
  3 adders (D:2)
  A worm (D:1)
  3 giant geckos
  An ooze (D:2)
  An orc (D:5)
  A giant cockroach (D:2)
  6 goblins
  6 hobgoblins
  A jackal (D:3)
  3 ball pythons (D:1)
  2 bats
  2 giant newts
  5 kobolds
  7 rats
43 creatures vanquished.

Notes
Turn   | Place    | Note
--------------------------------------------------------------
     0 | Abyss:1  | Psiweapon, the Kobold Abyssal Knight, began the quest for the Orb.
     0 | Abyss:1  | Reached XP level 1. HP: 14/14 MP: 1/1
    36 | D:1      | Escaped the Abyss
    54 | D:1      | Reached XP level 2. HP: 19/19 MP: 2/2
   931 | D:1      | Reached XP level 3. HP: 23/23 MP: 4/4
   935 | D:1      | Acquired Lugonu's second power
  1627 | D:2      | Reached skill level 4 in Short Blades
  1627 | D:2      | Reached XP level 4. HP: 20/28 MP: 7/7
  2013 | D:2      | Reached skill level 1 in Throwing
  2679 | D:4      | Noticed Foahim's ghost (experienced DsGl)
  2888 | D:3      | Found a stormy altar of Qazlal.
  3125 | D:4      | Reached skill level 1 in Slings
  3125 | D:4      | Reached XP level 5. HP: 22/32 MP: 9/9
  3285 | D:4      | Found Zin's Purification Station.
  3286 | D:4      | Found a glowing silver altar of Zin.
  3294 | D:4      | Bought a potion of restore abilities for 90 gold pieces
  3325 | D:4      | Noticed an ogre
  3362 | D:5      | Entered Level 5 of the Dungeon
  3362 | D:5      | Found Umodeot's General Store.
  3362 | D:5      | Found Bluaffott's Magic Scroll Emporium.
  3376 | D:5      | Noticed an ogre
  3382 | D:5      | Slain by an orc wizard

Action                   |  1- 3 |  4- 6 || total
-------------------------+-------+-------++-------
Melee: Short sword       |   106 |    23 ||   129
       Cutlass           |       |    14 ||    14
 Fire: Hunting sling     |       |    21 ||    21
Throw: Stone             |    51 |     7 ||    58
       Tomahawk          |       |     6 ||     6
Invok: Bend Space        |       |     3 ||     3
Evoke: Wand              |       |     1 ||     1
 Stab: Sleeping          |     1 |       ||     1
  Eat: Chunk             |     3 |     1 ||     4
       Meat ration       |       |     1 ||     1
